 Dungeon Crawl Stone Soup version 0.24-a0-584-g9d6b971ae4 (webtiles) character file.

Game seed: 4490153479499091223, levelgen mode: deterministic

141630 Gynju the Severer (level 17, 0/137 HPs)
             Began as a Formicid Fighter on Aug 29, 2019.
             Was a High Priest of Okawaru.
             Slain by the 23-headed Lernaean hydra (2 damage)
             ... on level 4 of the Swamp on Aug 30, 2019.
             The game lasted 02:18:59 (36473 turns).

Gynju the Severer (Formicid Fighter)               Turns: 36473, Time: 02:18:59

Health: 0/137      AC: 37    Str: 39    XL:     17   Next: 94%
Magic:  26/26      EV: 11    Int:  7    God:    Okawaru [*****.]
Gold:   1862       SH: 13    Dex: 10    Spells: 16/16 levels left

rFire    + . .     SeeInvis +   X - +1 battleaxe (flame)
rCold    + . .     Gourm    +   R - +0 shield {AC+3}
rNeg     + . .     Faith    .   W - +10 crystal plate armour of Honep {rElec Str+5}
rPois    +         Spirit   .   (helmet unavailable)
rElec    +         Reflect  .   N - scarf {rC+ rF+}
rCorr    +         Harm     .   T - +0 pair of gloves of Going Fast {rN+ rCorr SInv}
MR       +....                  (no boots)
Stlth    ..........             y - amulet of the gourmand
HPRegen  0.32/turn              I - +5 ring of strength
MPRegen  0.20/turn              P - ring of poison resistance

@: finesse
A: permanent stasis, dig shafts and tunnels, four strong arms, antennae 3
a: Dig, Shaft Self, Heroism, Finesse, Renounce Religion


You were on level 4 of the Swamp.
You worshipped Okawaru.
Okawaru was extremely pleased with you.
You were very full.

You visited 5 branches of the dungeon, and saw 28 of its levels.
You also visited: Sewer, Ossuary, Bailey and Ice Cave.

You collected 2780 gold pieces.
You spent 918 gold pieces at shops.

Inventory:

Hand Weapons
 a - a +2 battleaxe of electrocution
 b - a +3 arbalest
 s - the +11 halberd "Ruoseq" {chop, rElec rC+ MP+9}
   (Okawaru gifted it to you on level 2 of the Lair of Beasts)

   It inflicts extra damage upon your enemies.
   It protects you from cold.
   It insulates you from electricity.
   It affects your magic capacity (+9).
 V - a +3 battleaxe of draining
 X - a +1 battleaxe of flaming (weapon)
Missiles
 O - 491 bolts
Armour
 n - a +0 cloak of invisibility
 N - a scarf of resistance (worn)
 R - a +0 shield of protection (worn)
 S - a +2 cloak of magic resistance
 T - the +0 pair of gloves of Going Fast (worn) {rN+ rCorr SInv}
   (Okawaru gifted it to you on level 5 of the Lair of Beasts)

   It protects you from negative energy.
   It lets you see invisible.
   It provides partial protection from all sources of acid and corrosion.
 W - the +10 crystal plate armour of Honep (worn) {rElec Str+5}
   (Okawaru gifted it to you on level 15 of the Dungeon)

   It affects your strength (+5).
   It insulates you from electricity.
Jewellery
 p - a +4 ring of dexterity
 y - an amulet of the gourmand (around neck)
 I - a +5 ring of strength (left hand)
 M - a +3 ring of dexterity
 P - a ring of poison resistance (right hand)
Wands
 i - a wand of digging (11)
 k - a wand of random effects (59)
 C - a wand of disintegration (17)
 D - a wand of flame (16)
 G - a wand of acid (16)
 K - a wand of iceblast (23)
 Q - a wand of polymorph (4)
 U - a wand of scattershot (4)
Scrolls
 c - 9 scrolls of identify
 g - a scroll of fear
 h - 4 scrolls of enchant weapon
 l - 2 scrolls of fog
 o - 5 scrolls of enchant armour
 r - 2 scrolls of summoning
 u - 7 scrolls of amnesia
 w - 16 scrolls of remove curse
 F - 2 scrolls of torment
 H - 4 scrolls of magic mapping
Potions
 d - 2 potions of curing
 e - 2 potions of agility
 m - 2 potions of cancellation
 t - 5 potions of brilliance
 v - 9 potions of lignification
 x - 6 potions of mutation
 z - a potion of might
 A - 2 potions of ambrosia
 B - a potion of invisibility
 E - 2 potions of flight
 L - 2 potions of magic
Comestibles
 f - 55 rations
 j - a chunk of flesh


   Skills:
 + Level 13.5 Fighting
 * Level 18.8 Axes
 - Level 2.3(12.9) Polearms
 + Level 13.5 Armour
 + Level 9.1 Dodging
 - Level 9.0 Shields
 + Level 13.0 Invocations


You had 16 spell levels left.
You didn't know any spells.
Your spell library contained the following spells:

 Spells                   Type           Power        Failure   Level  Hunger
 Animate Skeleton         Necr           N/A          99%         1    ##.....
 Apportation              Tloc           #.....       99%         1    ##.....
 Confusing Touch          Hex            #.....       99%         1    ##.....
 Sandblast                Erth           #.....       99%         1    ##.....
 Summon Butterflies       Summ           #.......     99%         1    ##.....
 Summon Small Mammal      Summ           #...         99%         1    ##.....
 Passwall                 Tmut/Erth      #.......     100%        2    ###....
 Slow                     Hex            #.......     100%        2    ###....
 Sublimation of Blood     Necr           #.........   100%        2    ###....
 Call Canine Familiar     Summ           #.......     100%        3    ####...
 Ignite Poison            Fire/Tmut/Pois #.......     100%        3    ####...
 Stone Arrow              Conj/Erth      #.....       100%        3    ####...
 Fulminant Prism          Conj/Hex       #.........   100%        4    #####..
 Ice Form                 Ice/Tmut       #.......     100%        4    #####..
 Olgreb's Toxic Radiance  Pois           #.......     100%        4    #####..
 Petrify                  Tmut/Erth      #.......     100%        4    #####..
 Sticky Flame             Conj/Fire      #.......     100%        4    #####..
 Summon Ice Beast         Ice/Summ       #.......     100%        4    #####..
 Alistair's Intoxication  Tmut/Pois      #.......     100%        5    ######.
 Bolt of Magma            Conj/Fire/Erth #.........   100%        5    ######.
 Irradiate                Conj/Tmut      #.........   100%        5    ######.
 Lee's Rapid Deconstruct  Erth           #.........   100%        5    ######.
 Metabolic Englaciation   Hex/Ice        #.........   100%        5    ######.
 Summon Mana Viper        Hex/Summ       #.......     100%        5    ######.
 Bolt of Cold             Conj/Ice       #.........   100%        6    #######
 Darkness                 Hex            #.........   100%        6    #######
 Freezing Cloud           Conj/Ice/Air   #.........   100%        6    #######
 Ozocubu's Refrigeration  Ice            #.........   100%        6    #######
 Simulacrum               Ice/Necr       #.........   100%        6    #######
 Summon Hydra             Summ           #.........   100%        7    #######
 Ignition                 Fire           #.........   100%        8    #######


Dungeon Overview and Level Annotations

Branches:
Dungeon (15/15) Temple (1/1) D:4 Lair (6/6) D:8 Swamp (4/4) Lair:2 Snake (0/4) Lair:3 Slime (0/5) Lair:5 Orc (2/2) D:12 Elf (0/3) Orc:2 Vaults (0/5) D:14 D:15 Depths (0/5) D:15 Sewer (visited) Ossuary (visited) Bailey (visited) IceCv (visited)

Altars:
Ashenzari
Cheibriados
Elyvilon
Fedhas
Hepliaklqana
Kikubaaqudgha
Makhleb
Nemelex Xobeh
Okawaru
Ru
Trog
Vehumet
Xom
Beogh

Shops:
D:6 ?%   D:10 [   D:12 *   D:15 !   Orc:2 }*==

Annotations:
D:9 1 runed translucent door, Sylven's ghost, novice DDFi
D:12 exclusion: orange crystal statue
Swamp:2 3 runed translucent doors, Bidgh's ghost, adept MiBe; Zoador's ghost, adept HuBe
Swamp:4 1 runed translucent door, Lernaean hydra; soark's ghost, adept DsFi


Innate Abilities, Weirdness & Mutations

You cannot be hasted, slowed, berserked, paralysed or teleported.
You can dig through walls and to a lower floor.
Your four strong arms can wield two-handed weapons with a shield.
You have a pair of large antennae on your head. (SInv)


Message History

You block the seven-headed hydra's attack.
The seven-headed hydra barely misses you.
The seven-headed hydra bites you but does no damage. x3
The seven-headed hydra closely misses you.
Your magical contamination has completely faded away.
The 23-headed Lernaean hydra knocks down a tree!
You feel like a meek peon again.
You block the 23-headed Lernaean hydra's attack. x2
The 23-headed Lernaean hydra bites you but does no damage. x6
The 23-headed Lernaean hydra barely misses you.
The 23-headed Lernaean hydra bites you but does no damage.
You block the 23-headed Lernaean hydra's attack. x2
The 23-headed Lernaean hydra bites you but does no damage.
The 23-headed Lernaean hydra bites you!
* * * LOW HITPOINT WARNING * * *
The 23-headed Lernaean hydra bites you but does no damage. x3
The 23-headed Lernaean hydra bites you.
* * * LOW HITPOINT WARNING * * *
The 23-headed Lernaean hydra bites you.
You die...

≈♣♣ ♣♣≈♣♣♣♣♣♣....+≈≈≈≈{
≈.♣♣♣.≈♣ ♣♣....#W...
≈.♣♣..≈♣♣ ♣..≈≈≈#####
.§♣≈♣..≈♣ ♣♣DD♣.♣ ≈.≈♣♣≈♣♣♣♣
♣.D≈≈♣ ♣♣♣♣ ≈≈≈♣♣♣.≈.♣
♣♣.DDD♣ ♣♣..♣
≈≈.≈♣≈≈≈.♣♣♣≈≈...♣♣♣♣..♣♣♣♣
≈≈≈♣♣≈....♣♣♣♣.D..♣≈.♣♣♣..♣
≈≈≈♣♣♣♣..≈≈.♣♣..@≈≈≈≈..≈§♣♣
≈.♣♣ ♣♣§≈≈.♣♣..≈≈≈≈≈≈≈≈≈≈♣♣
≈♣♣ ♣♣♣♣≈≈≈.♣♣≈≈≈≈≈≈≈≈≈≈≈.♣♣
§♣ ♣.≈.≈≈≈≈≈≈≈≈≈≈≈≈≈≈≈≈≈..♣
≈♣♣♣♣♣≈.≈.≈≈≈≈≈≈≈≈≈≈≈≈≈≈..≈≈♣
≈≈≈≈§.≈≈..≈..≈≈≈≈........≈♣♣♣
.≈≈≈≈.§≈.♣≈♣♣.≈≈≈.≈.≈[≈≈.♣♣
≈≈.≈.≈≈≈≈≈♣♣♣♣.≈..≈♣≈≈≈≈.♣
≈≈≈≈.≈≈≈.≈≈≈♣♣≈..≈♣♣♣§≈≈♣♣


You could see the 23-headed Lernaean hydra, a seven-headed hydra, 2 six-headed
hydras and 3 swamp dragons.

Vanquished Creatures
  Nikola (Swamp:3)
  Rupert (D:15)
  Jorgrun (D:15)
  2 thorn hunters
  Kirke (Lair:4)
  Agnes (D:15)
  3 very ugly things
  Nessos (D:14)
  Snorg (Lair:4)
  An ettin (Orc:1)
  2 fire dragons (D:15)
  17 hydras
  A merfolk avatar (Lair:6)
  3 shambling mangroves
  A centaur warrior (D:13)
  A catoblepas (D:13)
  A ghost crab (Swamp:3)
  An ogre mage (D:15)
  5 two-headed ogres
  8 alligators
  Nergalle (D:12)
  A fire crab (shapeshifter) (D:15)
  A sea snake (Lair:6)
  2 unseen horrors
  A spriggan druid (Swamp:3)
  7 swamp dragons
  11 deep elf magi
  8 orc knights
  12 ugly things
  2 cyclopes (D:15)
  2 orc sorcerers (Orc:2)
  3 manticores
  13 elephants
  2 black mambas
  12 spiny frogs
  2 gargoyles (D:9)
  5 ice statues (IceCv)
  A kobold demonologist (D:13)
  12 komodo dragons
  3 rime drakes
  A redback zombie (D:15)
  5 trolls
  An anaconda simulacrum (IceCv)
  A jumping spider (shapeshifter) (D:15)
  A polar bear (Lair:6)
  9 bog bodies
  Grinder (D:3)
  17 hornets
  6 dream sheep (Lair:6)
  A meliai zombie (D:13)
  21 slime creatures
  7 hippogriffs
  14 tyrant leeches
  Prince Ribbit (D:5)
  9 blink frogs
  Sigmund (D:3)
  9 spriggans
  6 shadows
  A wraith (D:14)
  5 wyverns
  34 yaks
  Eustachio (D:5)
  16 humans (D:15)
  A vampire (D:9)
  2 dire elephant simulacra (IceCv)
  4 hogs
  Grum (D:9)
  2 basilisks
  5 hungry ghosts
  16 vampire mosquitoes
  3 nagas (Lair:3)
  11 insubstantial wisps
  16 swamp worms
  An iron troll simulacrum (IceCv)
  3 acid dragons
  7 water moccasins
  2 wargs
  4 harpy simulacra (IceCv)
  A hydra simulacrum (IceCv)
  A soldier ant (shapeshifter) (D:13)
  7 porcupines
  15 swamp drakes
  44 orc warriors
  A hornet zombie (D:12)
  6 ice beasts (IceCv)
  6 phantoms
  4 sky beasts
  2 black bears
  14 ogres
  Purgy (Sewer)
  3 necrophages
  8 wolves
  An eye of draining (D:12)
  16 centaurs
  7 crocodiles
  22 bullfrogs
  2 gnoll sergeants
  A wyvern skeleton (D:2)
  17 killer bees
  11 wights
  3 electric eels
  8 howler monkeys
  11 crimson imps
  3 hounds
  A quasit (D:12)
  A bullfrog zombie (D:4)
  6 centaur zombies
  A human zombie (Ossuary)
  2 jellies
  3 bullfrog skeletons
  6 centaur skeletons
  9 orc priests
  5 iguanas
  A gnoll shaman (D:8)
  17 orc wizards
  6 worker ants
  A big kobold zombie (Ossuary)
  5 mummies
  A hound zombie (Ossuary)
  A worker ant zombie (D:6)
  A howler monkey skeleton (D:9)
  17 adders
  14 gnolls
  6 shadow imps
  An ooze (D:1)
  3 adder zombies
  An adder skeleton (D:5)
  3 worms
  8 leopard geckos
  94 orcs
  7 ball pythons
  6 giant cockroaches
  A gnoll zombie (Ossuary)
  14 goblins
  10 hobgoblins
  19 jackals
  A ball python skeleton (D:4)
  9 bats
  8 frilled lizards
  A goblin zombie (Ossuary)
  A hobgoblin zombie (Ossuary)
  4 jackal zombies
  22 kobolds
  A kobold zombie (D:5)
  2 leopard gecko skeletons
  A leopard gecko zombie (D:4)
  An orc zombie (D:5)
  3 quokka skeletons
  3 quokka zombies
  10 rats
  2 rat zombies (Ossuary)
955 creatures vanquished.

Vanquished Creatures (others)
  A bush (Lair:6)
  17 fungi
  5 plants
  3 toadstools (D:7)
  4 withered plants (Swamp:2)
30 creatures vanquished.

Grand Total: 985 creatures vanquished

Notes
Turn   | Place    | Note
-------+----------+-------------------------------------------
     0 | D:1      | Gynju the Formicid Fighter began the quest for the Orb.
     0 | D:1      | Reached XP level 1. HP: 18/18 MP: 1/1
   120 | D:1      | Reached XP level 2. HP: 21/24 MP: 2/2
   366 | D:1      | Reached XP level 3. HP: 27/29 MP: 3/3
  1200 | D:2      | Reached XP level 4. HP: 35/37 MP: 4/4
  1203 | D:2      | Reached skill level 3 in Axes
  1214 | D:2      | Reached XP level 5. HP: 25/42 MP: 5/5
  1337 | D:2      | Found a faded altar of an unknown god.
  1444 | D:2      | Found a burning altar of Makhleb.
  1617 | D:2      | Found a snail-covered altar of Cheibriados.
  1968 | D:3      | Found a glowing drain.
  1992 | Sewer    | Entered a sewer
  2014 | Sewer    | Noticed Purgy
  2032 | Sewer    | Killed Purgy
  2032 | Sewer    | Reached skill level 4 in Axes
  2032 | Sewer    | Reached XP level 6. HP: 17/49 MP: 6/6
  2570 | D:3      | Noticed Sigmund
  2584 | D:3      | Killed Sigmund
  2584 | D:3      | Reached skill level 5 in Shields
  2584 | D:3      | Reached XP level 7. HP: 23/55 MP: 7/7
  2911 | D:3      | Noticed Grinder
  2923 | D:3      | Killed Grinder
  2923 | D:3      | Reached skill level 5 in Fighting
  2923 | D:3      | Reached skill level 5 in Axes
  2923 | D:3      | Reached skill level 5 in Armour
  3611 | D:4      | Reached XP level 8. HP: 45/62 MP: 8/8
  3928 | D:4      | Reached skill level 6 in Axes
  4093 | D:4      | Found a bloodstained altar of Trog.
  4863 | D:4      | Found a staircase to the Ecumenical Temple.
  4881 | Temple   | Entered the Ecumenical Temple
  5011 | Temple   | Became a worshipper of Warmaster Okawaru
  5090 | D:5      | Entered Level 5 of the Dungeon
  5178 | D:5      | Reached skill level 7 in Axes
  5178 | D:5      | Reached skill level 1 in Invocations
  5178 | D:5      | Reached XP level 9. HP: 63/68 MP: 8/10
  5351 | D:5      | Noticed Eustachio
  5359 | D:5      | Killed Eustachio
  5627 | D:5      | Found a sand-covered staircase.
  5640 | Ossuary  | Entered an ossuary
  5990 | Ossuary  | Reached skill level 8 in Axes
  6430 | D:5      | Noticed Prince Ribbit
  6441 | D:5      | Killed Prince Ribbit
  6441 | D:5      | Reached * piety under Okawaru
  6983 | D:6      | Reached skill level 9 in Axes
  7332 | D:6      | Found Ytaziv's Magic Scroll Shop.
  7365 | D:6      | Found a sparkling altar of Nemelex Xobeh.
  7520 | D:6      | Reached skill level 10 in Axes
  7527 | D:6      | Reached XP level 10. HP: 75/75 MP: 10/12
  7598 | D:6      | Found Sunateicod's Food Shoppe.
  8358 | D:7      | Reached ** piety under Okawaru
  8363 | D:7      | Reached skill level 11 in Axes
  8507 | D:7      | Found a hazy altar of Hepliaklqana.
  8883 | D:8      | Found a shimmering altar of Xom.
  9108 | D:8      | Reached skill level 12 in Axes
  9173 | D:8      | Reached *** piety under Okawaru
  9920 | D:8      | Found a sacrificial altar of Ru.
  9961 | D:8      | Found a staircase to the Lair.
 10108 | D:9      | Found a flagged portal.
 10131 | Bailey   | Entered a bailey
 10206 | Bailey   | Reached XP level 11. HP: 55/82 MP: 10/13
 10446 | D:9      | Found a runed translucent door.
 10446 | D:9      | Noticed Sylven's ghost (novice DDFi)
 10493 | D:9      | Reached **** piety under Okawaru
 10779 | D:9      | Noticed a two-headed ogre
 10792 | D:9      | Killed a two-headed ogre
 10792 | D:9      | Reached skill level 13 in Axes
 11153 | D:9      | Noticed Grum
 11166 | D:9      | Killed Grum
 11695 | D:9      | Identified Sif Muna's Guide on Nocuous Hexes
 11722 | D:9      | Noticed an orc knight
 11732 | D:9      | Killed an orc knight
 11732 | D:9      | Reached ***** piety under Okawaru
 11837 | D:9      | Identified the Reference Book on Fiery Confrontation
 11916 | D:9      | Got a faintly humming ring mail
 11917 | D:9      | Identified the +2 ring mail of the Forest {rN++ MR+} (You
                  | found it on level 9 of the Dungeon)
 11964 | D:10     | Entered Level 10 of the Dungeon
 12429 | D:10     | Noticed a two-headed ogre
 12436 | D:10     | Killed a two-headed ogre
 12912 | D:10     | Found Ricukiun's Antique Armour Boutique.
 13169 | Lair:1   | Entered Level 1 of the Lair of Beasts
 13169 | Lair:1   | Noticed a seven-headed hydra
 13185 | Lair:1   | Reached XP level 12. HP: 86/92 MP: 7/15
 13188 | Lair:1   | Killed a two-headed hydra
 13361 | Lair:1   | Found an ancient bone altar of Kikubaaqudgha.
 13851 | Lair:1   | Reached skill level 5 in Invocations
 14480 | Lair:2   | Received a gift from Okawaru
 14486 | Lair:2   | Reached skill level 14 in Axes
 14498 | Lair:2   | Got a smoking halberd {god gift}
 14499 | Lair:2   | Identified the +11 halberd "Ruoseq" {chop, rElec rC+ MP+9}
                  | (Okawaru gifted it to you on level 2 of the Lair of Beasts)
 14641 | Lair:2   | Found a staircase to the Swamp.
 15730 | Lair:3   | Reached skill level 1 in Polearms
 15791 | Lair:3   | Received a gift from Okawaru
 15901 | Lair:3   | Found a staircase to the Snake Pit.
 16231 | Lair:3   | Found a dark tunnel.
 16741 | Lair:4   | Reached XP level 13. HP: 101/101 MP: 17/17
 16967 | Lair:4   | Noticed an eight-headed hydra
 16987 | Lair:4   | Killed a one-headed hydra
 16987 | Lair:4   | Reached skill level 1 in Dodging
 17760 | Lair:4   | Noticed Kirke
 17807 | Lair:4   | Killed Kirke
 18050 | Lair:4   | Noticed Snorg
 18081 | Lair:4   | Killed Snorg
 18237 | Lair:4   | Noticed an eight-headed hydra
 18244 | Lair:4   | Killed a three-headed hydra
 18857 | Lair:5   | Found a staircase to the Slime Pits.
 19041 | Lair:5   | Reached skill level 15 in Axes
 19540 | Lair:5   | Reached ****** piety under Okawaru
 19558 | Lair:5   | Received a gift from Okawaru
 19559 | Lair:5   | Got a pair of twisted gloves {god gift}
 19570 | Lair:5   | Identified the +0 pair of gloves of Going Fast {rN+ rCorr
                  | SInv} (Okawaru gifted it to you on level 5 of the Lair of
                  | Beasts)
 19865 | Lair:5   | Reached skill level 10 in Armour
 20043 | Lair:6   | Entered Level 6 of the Lair of Beasts
 20305 | Lair:6   | Noticed a six-headed hydra
 20317 | Lair:6   | Killed a one-headed hydra
 20317 | Lair:6   | Reached skill level 10 in Fighting
 20707 | Lair:6   | Reached XP level 14. HP: 85/110 MP: 20/20
 23773 | D:12     | Reached skill level 5 in Dodging
 23777 | D:12     | Received a gift from Okawaru
 23777 | D:12     | Reached skill level 16 in Axes
 23854 | D:12     | Found a staircase to the Orcish Mines.
 23877 | D:12     | Found Iinaol's Incredible Inventory.
 24114 | D:12     | Noticed Nergalle
 24119 | D:12     | Killed Nergalle
 24438 | D:12     | Found a roughly hewn altar of Beogh.
 24438 | D:12     | You fall into a shaft and drop 1 floor!
 24612 | D:13     | Reached XP level 15. HP: 59/118 MP: 22/22
 24934 | D:13     | You fall into a shaft and drop 2 floors!
 24934 | D:15     | Entered Level 15 of the Dungeon
 24983 | D:15     | Reached skill level 10 in Invocations
 25074 | D:14     | Found a gate to the Vaults.
 25074 | D:14     | Noticed Rupert
 25074 | D:14     | Noticed Nessos
 25162 | D:15     | Killed Rupert
 25200 | D:15     | Received a gift from Okawaru
 25243 | D:15     | Got a jewelled crystal plate armour {god gift}
 25256 | D:15     | Identified the +10 crystal plate armour of Honep {rElec
                  | Str+5} (Okawaru gifted it to you on level 15 of the
                  | Dungeon)
 25570 | D:15     | Noticed Jorgrun
 25583 | D:15     | Killed Jorgrun
 25916 | D:15     | Found Nitekiv's Distillery.
 25985 | D:15     | Noticed Agnes
 25998 | D:15     | Killed Agnes
 26157 | D:15     | Reached skill level 17 in Axes
 26191 | D:15     | Found a sacrificial altar of Ru.
 26412 | D:15     | Found a staircase to the Depths.
 26791 | D:14     | Killed Nessos
 26791 | D:14     | Reached XP level 16. HP: 115/127 MP: 24/24
 27411 | D:14     | Found a blossoming altar of Fedhas.
 27837 | Orc:1    | Entered Level 1 of the Orcish Mines
 27995 | Orc:2    | Entered Level 2 of the Orcish Mines
 28218 | Orc:2    | Found a staircase to the Elven Halls.
 28330 | Orc:2    | Received a gift from Okawaru
 28620 | Orc:2    | Found Yczyant's Jewellery Emporium.
 28620 | Orc:2    | Found Cigip's General Store.
 28622 | Orc:2    | Found Yqileliufo's Gadget Shop.
 28627 | Orc:2    | Found Orietos's Jewellery Shoppe.
 29918 | Orc:2    | Bought a +5 ring of strength for 618 gold pieces
 29918 | Orc:2    | Bought an uncursed ring of poison resistance for 300 gold
                  | pieces
 30169 | Swamp:1  | Entered Level 1 of the Swamp
 30231 | Swamp:1  | Found a frozen archway.
 30254 | IceCv    | Entered an ice cave
 30962 | IceCv    | Found the +6 lightning scales {run, rElec}
 32083 | Swamp:2  | Noticed a thorn hunter
 32092 | Swamp:2  | Received a gift from Okawaru
 32113 | Swamp:2  | Killed a thorn hunter
 32113 | Swamp:2  | Reached skill level 18 in Axes
 32411 | Swamp:2  | Reached XP level 17. HP: 60/135 MP: 20/26
 32874 | Swamp:2  | Noticed Nikola
 32991 | Swamp:2  | Found a runed translucent gate.
 32991 | Swamp:2  | Found a runed translucent gate.
 32991 | Swamp:2  | Found a runed translucent gate.
 33398 | Swamp:2  | Noticed Zoador's ghost (adept HuBe)
 33398 | Swamp:2  | Noticed Bidgh's ghost (adept MiBe)
 34112 | Swamp:3  | Killed Nikola
 34340 | Swamp:3  | Noticed a thorn hunter
 34351 | Swamp:3  | Killed a thorn hunter
 34404 | Swamp:3  | Received a gift from Okawaru
 35571 | Swamp:4  | Entered Level 4 of the Swamp
 35648 | Swamp:4  | Found a runed translucent door.
 36268 | Swamp:4  | Received a gift from Okawaru
 36403 | Swamp:4  | Noticed the 27-headed Lernaean hydra
 36464 | Swamp:4  | Noticed soark's ghost (adept DsFi)
 36473 | Swamp:4  | HP: 2/137 [the 23-headed Lernaean hydra (5)]
 36473 | Swamp:4  | Slain by the 23-headed Lernaean hydra

Levels and vault maps discovered:
D:1:      wheals_arrival_linesprint, layout_loops_ring
D:2:      layout_rooms, overflow_temple_1_default, cheibriados_altar_1,
          chequers_ecumenical_altar_simple_redux, serial_rivers,
          chequers_serial_rivers_micro_e, chequers_serial_rivers_small_3,
          chequers_serial_rivers_micro_a, chequers_serial_rivers_small_3,
          chequers_serial_rivers_room_b
D:3:      layout_basic, cheibrodos_sewer_entry_drain, first_ration,
          uniq_sigmund, uniq_grinder
D:4:      layout_basic, bloody_trog, minmay_temple_entry_proselytizer,
          serial_undead, serial_undead_a, serial_undead_a, serial_undead_e,
          serial_undead_d, st_stairs_14
D:5:      layout_layer_cave, nicolae_ossuary_entry_giza, uniq_prince_ribbit1,
          uniq_eustachio
D:6:      layout_basic, nemelex_xobeh_ov_fountains_minmay, serial_shops,
          nicolae_shop_competitors_out_of_business, shop
D:7:      layout_gridville, lemuel_doored_altar, the_bakery,
          minmay_gold_behind_fungi, minmay_fractal_squares_5
D:8:      layout_rooms, xom_butterflies, lemuel_crystal_altar, lair_entry_dummy
D:9:      minmay_the_grid_3x2 [minmay_the_grid_plusring,
          minmay_the_grid_holed_spiral, minmay_the_grid_armoury,
          minmay_the_grid_outer_circle, minmay_the_grid_stretched_grid,
          minmay_the_grid_prize_trominoes], layout_rooms,
          ebering_ghost_inner_flame, enter_bailey_3, uniq_grum
D:10:     layout_basic, serial_shops, shop_statue
D:11:     layout_loops_corners
D:12:     layout_loops_ring, minmay_orc_entry_temple_small,
          nicolae_alphabet_shops, minmay_statue_bubble, uniq_nergalle
D:13:     layout_cave_pools
D:14:     layout_rooms, david_vaults_3, fedhas_altar_4
D:15:     grunt_enter_depths_hoard, layout_basic, minivault_27, serial_shops,
          nicolae_shop_window_shopping, nicolae_ru_path_of_blood, uniq_jorgrun,
          uniq_agnes
Temple:   regret_index_temple_generic_petals
Lair:1:   layout_regular_city, basic_altar, serial_bayou_shore_b,
          serial_bayou_shore_a
Lair:2:   layout_cave_pods, minmay_swamp_entry_worms,
          chequers_serial_rivers_micro_a, beast_lair_carwin_10,
          serial_bayou_shore_b
Lair:3:   layout_chaotic_city, minmay_snake_entry_guardpost_small,
          enter_volcano_2
Lair:4:   layout_cave_pods, columned_hall_lemuel, lemuel_fruit_tree, uniq_kirke,
          uniq_snorg
Lair:5:   layout_gridlike, minmay_slime_entry_pillars
Lair:6:   gammafunk_lair_ancient_temple, layout_layer_cave
Swamp:1:  layout_falls_marsh, portal_ice_cave_entry_pillars_three,
          nicolae_swamp_triple_paths, swamp_pool4
Swamp:2:  layout_falls_marsh, gammafunk_ghost_cemetery, serial_swamp_ruin,
          evilmike_swamp_ruin_house_2, evilmike_swamp_ruin_house_3, swamp_pool1,
          hangedman_swamp_wriggling, uniq_nikola
Swamp:3:  layout_basic_swamp, evilmike_swamp_ruin_house_6, swamp_pool1
Swamp:4:  swamp_old_school, layout_basic_swamp, ebering_ghost_reflecting_pool
Orc:1:    layout_diamond_mine
Orc:2:    st_orc_rangers, layout_diamond_mine, elves_outpost_lemuel

Skill      XL: |  1  2  3  4  5  6  7  8  9 10 11 12 13 14 15 16 17 |
---------------+----------------------------------------------------+-----
Shields        | 4 5 6 7 8 9 |  9.0
Axes           | 3 4 5 7 10 12 13 14 15 16 17 18 | 18.8
Fighting       | 4 5 6 7 9 10 11 12 13 | 13.5
Armour         | 4 5 6 7 9 10 11 12 13 | 13.5
Invocations    | 1 3 4 6 8 9 11 12 13 | 13.0
Polearms       | 2 |  2.3
Dodging        | 3 5 6 8 9 |  9.1

Action                   |  1- 3 |  4- 6 |  7- 9 | 10-12 | 13-15 | 16-18 || total
-------------------------+-------+-------+-------+-------+-------+-------++-------
Melee: War axe           |   115 |   110 |   441 |   115 |       |       ||   781
       Battleaxe         |       |       |       |   395 |   220 |   704 ||  1319
       Hand axe          |       |       |       |   124 |   109 |   117 ||   350
       Halberd           |       |       |       |   104 |   700 |   177 ||   981
 Fire: Hand crossbow     |       |       |       |    38 |       |       ||    38
       Arbalest          |       |       |       |       |       |    85 ||    85
Invok: Heroism           |       |       |     3 |     9 |    16 |     7 ||    35
       Finesse           |       |       |       |     1 |    13 |     5 ||    19
 Abil: Dig               |       |       |       |     2 |       |       ||     2
Evoke: Wand              |       |       |       |       |     1 |       ||     1
  Use: Potion            |       |     1 |     2 |     4 |    12 |    11 ||    30
       Scroll            |       |       |       |    25 |     8 |     3 ||    36
  Eat: Chunk             |     1 |     5 |    16 |    56 |    32 |    38 ||   148
Armor: Scale mail        |    71 |    61 |   142 |       |       |       ||   274
       Chain mail        |       |       |     1 |       |       |       ||     1
       Plate armour      |       |       |       |   327 |   173 |       ||   500
       Ring mail         |       |       |       |     5 |    20 |       ||    25
       Crystal plate arm |       |       |       |       |    87 |   733 ||   820
Dodge: Dodged            |    47 |    57 |   136 |   180 |   226 |   487 ||  1133
Block: Shield            |    63 |    92 |   244 |   441 |   420 |   643 ||  1903

Table legend:
 A = Non-vault XP
 B = Vault XP
 C = Vault XP percentage of total XP
 D = Non-vault monster count
 E = Vault monster count
 F = Vault count percentage of total count
                 A         B        C        D         E       F
            +---------+---------+-------+---------+---------+-------
      Total |  130246 |   72083 |  35.6 |     672 |     283 |  29.6
            +---------+---------+-------+---------+---------+-------
        D:1 |      56 |       0 |   0.0 |      32 |       0 |   0.0
        D:2 |     149 |       0 |   0.0 |      20 |       0 |   0.0
        D:3 |     112 |     497 |  81.6 |      23 |       5 |  17.9
        D:4 |     636 |     275 |  30.2 |      25 |      14 |  35.9
        D:5 |     441 |     482 |  52.2 |      18 |       5 |  21.7
        D:6 |    1219 |       0 |   0.0 |      29 |       0 |   0.0
        D:7 |    1218 |     488 |  28.6 |      34 |       6 |  15.0
        D:8 |    1901 |       0 |   0.0 |      36 |       0 |   0.0
        D:9 |    1690 |    2934 |  63.5 |      23 |      21 |  47.7
       D:10 |    2143 |       0 |   0.0 |      16 |       0 |   0.0
       D:11 |    2043 |       0 |   0.0 |      16 |       0 |   0.0
       D:12 |    3366 |    1046 |  23.7 |      26 |       8 |  23.5
       D:13 |   11396 |       0 |   0.0 |      40 |       0 |   0.0
       D:14 |    4223 |    1334 |  24.0 |      17 |       1 |   5.6
       D:15 |   17632 |   14713 |  45.5 |      57 |      23 |  28.8
     Lair:1 |    3364 |       0 |   0.0 |      17 |       0 |   0.0
     Lair:2 |    3249 |    1667 |  33.9 |       8 |      10 |  55.6
     Lair:3 |    1340 |     703 |  34.4 |       6 |       4 |  40.0
     Lair:4 |    5469 |    3951 |  41.9 |      17 |       5 |  22.7
     Lair:5 |    4668 |     834 |  15.2 |      23 |       4 |  14.8
     Lair:6 |    6628 |   10505 |  61.3 |      23 |      27 |  54.0
    Swamp:1 |    5237 |       0 |   0.0 |      20 |       0 |   0.0
    Swamp:2 |   16476 |    1691 |   9.3 |      39 |       8 |  17.0
    Swamp:3 |   20417 |    3774 |  15.6 |      46 |       1 |   2.1
    Swamp:4 |    8443 |    8826 |  51.1 |      22 |      15 |  40.5
      Orc:1 |    1979 |       0 |   0.0 |       7 |       0 |   0.0
      Orc:2 |    4751 |    9825 |  67.4 |      32 |      49 |  60.5
      Sewer |       0 |     146 | 100.0 |       0 |       8 | 100.0
    Ossuary |       0 |     185 | 100.0 |       0 |      16 | 100.0
     Bailey |       0 |     723 | 100.0 |       0 |      31 | 100.0
      IceCv |       0 |    7484 | 100.0 |       0 |      22 | 100.0
            +---------+---------+-------+---------+---------+-------
